 Dungeon Crawl Stone Soup version 0.19.5 (webtiles) character file.

137 Iflex the Poker (level 5, -2/40 HPs)
             Began as a Merfolk Gladiator on May 24, 2017.
             Killed by divine providence
             ... invoked by an orc priest
              (13 damage)
             ... on level 5 of the Dungeon.
             The game lasted 00:04:19 (1931 turns).

Iflex the Poker (Merfolk Gladiator)                 Turns: 1931, Time: 00:04:20

Health: -2/40      AC:  4    Str: 17    XL:     5   Next: 20%
Magic:  5/5        EV: 14    Int:  7    God:
Gold:   110        SH:  0    Dex: 14    Spells: 0 memorised, 4 levels left

rFire  . . .     SeeInvis .     a - +0 trident
rCold  . . .     Gourm    .     b - +0 leather armour
rNeg   . . .     Faith    .     (no shield)
rPois  .         Spirit   .     c - +0 helmet
rElec  .         Reflect  .     (no cloak)
rCorr  .         Harm     .     (no gloves)
MR     .....                    (no boots)
Stlth  +.........               (no amulet)
                                (no ring)
                                (no ring)

@: no status effects
A: change form in water, swift swim, stealthy swim
a: no special abilities


You were on level 5 of the Dungeon.
You were not hungry.

You visited 1 branch of the dungeon, and saw 6 of its levels.

You collected 110 gold pieces.

Inventory:

Hand Weapons
 a - a +0 trident (weapon)
Missiles
 d - 3 throwing nets (quivered)
Armour
 b - a +0 leather armour (worn)
 c - a +0 helmet (worn)
Jewellery
 k - an uncursed ring of see invisible {unknown}
Wands
 o - a wand of flame (20/48)
 t - a wand of polymorph (11/24)
Scrolls
 e - a scroll of noise {unknown}
 i - a scroll of amnesia {unknown}
 j - 3 scrolls of enchant armour {unknown}
 m - a scroll of blinking {unknown}
 n - a scroll of enchant weapon {unknown}
 p - 2 scrolls of immolation {unknown}
 r - 2 scrolls of identify {unknown}
 s - a scroll of magic mapping {unknown}
 u - a scroll of recharging {unknown}
 v - a scroll of fog {unknown}
Potions
 h - a potion of flight {unknown}
 l - a potion of heal wounds
 q - 2 potions of curing
Comestibles
 f - 3 bread rations
 g - 2 meat rations


   Skills:
 + Level 2.9 Fighting
 + Level 6.4 Polearms
 + Level 2.1 Throwing
 + Level 1.0 Armour
 + Level 5.0 Dodging
 + Level 0.2 Stealth


You had 4 spell levels left.
You didn't know any spells.

Dungeon Overview and Level Annotations

Branches:
Dungeon (6/15)
 Temple: D:4-7

Altars:
Elyvilon
Hepliaklqana


Message History

The orc priest hits you.
The orc priest hits you with a whip of electrocution.
You barely miss something. Something hits you but does no damage.
The orc priest barely misses you.
The orc priest hits you but does no damage.
You hit something but do no damage. Something hits you.
The orc priest barely misses you. x2
You miss something.
The orc priest looks braver for a moment.
The orc priest hits you. Something hits you but does no damage.
You closely miss something. The orc priest hits you. Something hits you.
The orc priest hits you with a whip of electrocution.
You closely miss something.
The orc priest hits you with a whip of electrocution.
* * * LOW HITPOINT WARNING * * *
Something completely misses you. The orc priest barely misses you.
You miss something. Something hits you but does no damage.
The orc priest invokes the aid of Beogh against you.
Beogh smites you!
You die...

#!# #... .#
..# <.. ...
#.# #..###.#
#.#%..#
#.#...####
#...o....+
#.#@o.####
#.##{## #.# ##
#.# #.# #+#
#.# #.# #.#
#.# #.#
##########.##
#.#
#...........##


You could see 2 orc priests.

Vanquished Creatures
  A worker ant (D:5)
  Terence (D:3)
  A gnoll (D:3)
  3 adders
  A worm (D:2)
  A dart slug (D:1)
  4 leopard geckos
  2 orcs (D:3)
  2 giant cockroaches (D:1)
  8 goblins
  A hobgoblin (D:1)
  2 jackals (D:1)
  A quokka (D:5)
  A ball python (D:2)
  4 bats
  4 frilled lizards
  3 kobolds
  8 rats
48 creatures vanquished.

Notes
Turn   | Place    | Note
-------+----------+-------------------------------------------
     0 | D:1      | Iflex the Merfolk Gladiator began the quest for the Orb.
     0 | D:1      | Reached XP level 1. HP: 16/16 MP: 1/1
   127 | D:1      | Reached XP level 2. HP: 11/23 MP: 2/2
   348 | D:1      | Reached skill level 5 in Polearms
   412 | D:1      | Reached XP level 3. HP: 28/28 MP: 3/3
   905 | D:2      | Reached XP level 4. HP: 29/34 MP: 4/4
  1245 | D:3      | Noticed Terence
  1266 | D:3      | Killed Terence
  1266 | D:3      | Reached skill level 6 in Polearms
  1373 | D:3      | Found a hazy altar of Hepliaklqana.
  1525 | D:3      | You fall through a shaft for 3 floors!
  1525 | D:6      | Found a white marble altar of Elyvilon.
  1535 | D:5      | Entered Level 5 of the Dungeon
  1587 | D:5      | Reached skill level 1 in Armour
  1587 | D:5      | Reached skill level 5 in Dodging
  1587 | D:5      | Reached XP level 5. HP: 22/40 MP: 5/5
  1931 | D:5      | Killed from afar by an orc priest

Skill      XL: |  1  2  3  4 |
---------------+-------------+-----
Polearms       | 5 6 |  6.4
Armour         | 1 |  1.0
Dodging        | 5 |  5.0
Fighting       | |  2.9
Throwing       | |  2.1
Stealth        | |  0.2

Action                   |  1- 3 |  4- 6 || total
-------------------------+-------+-------++-------
Melee: Trident           |    99 |    80 ||   179
  Use: Potion            |     1 |       ||     1
 Stab: Sleeping          |     1 |       ||     1
  Eat: Bread ration      |       |     1 ||     1
Armor: Leather armour    |    27 |    20 ||    47
Dodge: Dodged            |    68 |    51 ||   119
